[Event "SVK Extraliga 2019-20"]
[Site "Slovakia"]
[Date "2019.10.19"]
[Round "1.5"]
[White "Piesik, Piotr"]
[Black "Pacher, Milan"]
[Result "1/2-1/2"]
[ECO "E46"]
[WhiteElo "2407"]
[BlackElo "2437"]
[Annotator "NA"]
[PlyCount "29"]
[EventDate "2019.10.19"]
[EventType "team-tourn"]
[EventCountry "SVK"]
[SourceTitle "playchess.com"]
[Source "ChessBase"]
[SourceQuality "1"]
[WhiteTeam "Dubnica"]
[BlackTeam "Slovan"]
[TimeControl "40/5400+30:1800+30"]

1. d4 Nf6 2. c4 e6 3. Nc3 Bb4 4. e3 O-O 5. Bd2 d5 6. Nf3 b6 7. a3 Bd6 8. Rc1 a6 9. Bd3 Bb7 10. O-O Nbd7 11. b4 dxc4 12. Bxc4 e5 13. dxe5 Nxe5 14. Nxe5 Bxe5 15. Qe2 1/2-1/2

[Event "SVK Extraliga 2019-20"]
[Site "Slovakia"]
[Date "2019.10.19"]
[Round "1.5"]
[White "Vymazal, Bronislav"]
[Black "Dovzik, Juri"]
[Result "1/2-1/2"]
[ECO "B48"]
[WhiteElo "2347"]
[BlackElo "2276"]
[Annotator "NA"]
[PlyCount "82"]
[EventDate "2019.10.19"]
[EventType "team-tourn"]
[EventCountry "SVK"]
[SourceTitle "playchess.com"]
[Source "ChessBase"]
[SourceQuality "1"]
[WhiteTeam "Podhajska"]
[BlackTeam "Kosice"]
[TimeControl "40/5400+30:1800+30"]

1. e4 c5 2. Nf3 e6 3. d4 cxd4 4. Nxd4 Nc6 5. Nc3 Qc7 6. Be3 a6 7. Qd2 Nf6 8. O-O-O Bb4 9. f3 Ne7 10. Nb3 d5 11. e5 Nd7 12. f4 O-O 13. Bd3 b6 14. Qe1 Bxc3 15. Qxc3 Qxc3 16. bxc3 Bb7 17. Rhf1 Rfc8 18. Bd4 Nc5 19. g4 a5 20. Rf3 a4 21. Nd2 Nc6 22. Re1 Nxd3+ 23. Rxd3 Ba6 24. Rf3 Nxd4 25. cxd4 Rc7 26. Kb2 Rac8 27. c3 a3+ 28. Kb3 Bc4+ 29. Nxc4 Rxc4 30. Rb1 h6 31. Rd3 b5 32. Kc2 b4 33. Rb3 Kf8 34. Kd2 bxc3+ 35. Rbxc3 Ke7 36. h4 g6 37. Rxc4 Rxc4 38. Ke3 Rc1 39. Rxa3 Rh1 40. Ra7+ Kf8 41. h5 Rh3+ {[%emt 0:05:09] Ke4} 1/2-1/2

[Event "SVK Extraliga 2019-20"]
[Site "Slovakia"]
[Date "2019.10.20"]
[Round "1.5"]
[White "Schwarz, Dusan"]
[Black "Bochnicka, Vladimir"]
[Result "1-0"]
[ECO "D27"]
[WhiteElo "2315"]
[BlackElo "2087"]
[Annotator "ChessBase"]
[PlyCount "89"]
[EventDate "2019.10.19"]
[EventType "team-tourn"]
[EventCountry "SVK"]
[SourceTitle "playchess.com"]
[Source "ChessBase"]
[SourceQuality "1"]
[WhiteTeam "Modra"]
[BlackTeam "Bratislava"]
[WhiteTeamCountry "SVK"]
[BlackTeamCountry "SVK"]
[TimeControl "40/5400+30:1800+30"]

1. d4 d5 2. c4 dxc4 3. Nf3 Nf6 4. e3 e6 5. Bxc4 c5 6. O-O a6 7. a4 Nc6 8. Qe2 cxd4 9. Rd1 Be7 10. exd4 O-O 11. Nc3 Nb4 12. Bg5 Nbd5 13. Ne5 h6 14. Bh4 g5 15. Bg3 Bd7 16. Bb3 Rc8 17. Rac1 Bc6 18. Nxc6 Rxc6 19. Nxd5 Nxd5 20. Rxc6 bxc6 21. Qxa6 Qd7 22. Qe2 Bf6 23. Bc2 Bg7 24. h4 f5 25. hxg5 hxg5 26. Be5 Bf6 27. a5 Qh7 28. Bd6 Re8 29. a6 Kf7 30. g3 Rh8 31. Qf3 Qh3 32. Bb3 f4 33. Bxd5 cxd5 34. a7 g4 35. Qg2 Qh7 36. Bxf4 Bxd4 37. Bb8 Qc2 38. Ra1 Bxa7 39. Bxa7 Qxb2 40. Qf1 Qe5 41. Ra4 Qh5 42. Rf4+ Ke8 43. Qb5+ Kd8 44. Qb8+ Kd7 45. Qb7+ 1-0

[Event "SVK Extraliga 2019-20"]
[Site "Slovakia"]
[Date "2019.10.19"]
[Round "1.5"]
[White "Pniaczek, Marek"]
[Black "Haring, Filip"]
[Result "0-1"]
[ECO "B32"]
[WhiteElo "2118"]
[BlackElo "2294"]
[Annotator "NA"]
[PlyCount "66"]
[EventDate "2019.10.19"]
[EventType "team-tourn"]
[EventCountry "SVK"]
[SourceTitle "playchess.com"]
[Source "ChessBase"]
[SourceQuality "1"]
[WhiteTeam "Dunajov"]
[BlackTeam "Liptovska"]
[TimeControl "40/5400+30:1800+30"]

1. e4 c5 2. Nf3 Nc6 3. d4 cxd4 4. Nxd4 e5 5. Nb5 d6 6. c4 Be7 7. N5c3 {B32: Sicilian: Löwenthal and Kalashnikov Variations} (7. N1c3 a6 8. Na3 Be6 9. Nc2 Rc8 10. Be2 Na5 11. b3 b5 12. Ne3 bxc4 13. Ned5 Nf6 14. Be3 Bxd5 15. Nxd5 Nxd5 16. Qxd5 O-O 17. O-O cxb3 18. Bxa6 {1-0 (57) Nihal,S (2610)-Cori,J (2676) Khanty-Mansiysk 2019}) 7... Nf6 8. Bd3 O-O 9. O-O Bg4 10. f3 Be6 11. Be3 Nh5 12. Ne2 $146 (12. Qd2 $14) ({Predecessor:} 12. Na3 Nf4 13. Rc1 Bg5 14. Qd2 h6 15. Bb1 a6 {½-½ (31) Tesik,C (2165)-Fekete,A (2262) Hungary 2010}) 12... Nf4 13. Nxf4 exf4 14. Bf2 Ne5 15. Na3 Rc8 16. Rc1 a6 17. Be2 f5 18. exf5 Rxf5 19. Qd4 (19. Nc2 $5 ) 19... Qe8 20. Bd3 (20. Qe4 $11 {remains equal.}) 20... Rg5 21. Kh1 Qh5 (21... Bf6 $15) 22. Be4 Kh8 23. Be1 $2 {[%emt 0:07:11] [#]} (23. Bxb7 $14 Rb8 24. Qa7 (24. Bxa6 $2 Rxg2 25. Bg1 Rbxb2 $19)) 23... d5 $15 24. Bxd5 $2 (24. cxd5 $15 Rxc1 25. dxe6) 24... Bc5 25. Qxc5 Rxc5 26. Bxe6 Rc6 27. Bh3 Rd6 28. Bb4 Rd3 29. Rcd1 h6 30. Bc3 Rxd1 31. Rxd1 Nxf3 32. Rf1 Nh4 33. Re1 f3 0-1

[Event "SVK Extraliga 2019-20"]
[Site "Slovakia"]
[Date "2019.10.19"]
[Round "1.6"]
[White "Kostolansky, Sebastian Lukas"]
[Black "Vojtek, Vladimir"]
[Result "1-0"]
[ECO "B50"]
[WhiteElo "2418"]
[BlackElo "2312"]
[Annotator "NA RC"]
[PlyCount "71"]
[EventDate "2019.10.19"]
[EventType "team-tourn"]
[EventCountry "SVK"]
[SourceTitle "playchess.com"]
[Source "ChessBase"]
[SourceQuality "1"]
[WhiteTeam "Slovan"]
[BlackTeam "Dubnica"]
[TimeControl "40/5400+30:1800+30"]

1. e4 c5 2. Nf3 d6 3. c3 Nf6 4. Bd3 Nc6 5. O-O g6 6. h3 Ne5 7. Bc2 Nxf3+ 8. Qxf3 Bg7 9. d4 O-O 10. dxc5 dxc5 11. Nd2 Be6 12. Qe2 Nh5 13. Nf3 Qc7 14. e5 Bh8 15. Bh6 Bg7 16. Bc1 Bh8 17. g4 Ng7 18. Bh6 b5 19. Rfe1 Rfe8 20. Ng5 Bc4 21. Qf3 Rad8 22. Bb3 Bxb3 23. axb3 Rf8 24. e6 fxe6 25. Qe2 Qf4 26. Bxg7 Qxg5 27. Bxf8 Kxf8 28. Qxe6 Bf6 29. Rxa7 h5 30. Rd7 Ra8 31. Rd5 Qh4 32. g5 Bxg5 33. Re4 Bf4 34. Qxg6 e5 35. Rdxe5 Bh2+ 36. Kg2 1-0

[Event "SVK Extraliga 2019-20"]
[Site "Slovakia"]
[Date "2019.10.19"]
[Round "1.6"]
[White "Zambor, Norbert"]
[Black "Zwardon, Vojtech"]
[Result "0-1"]
[ECO "B22"]
[WhiteElo "2281"]
[BlackElo "2471"]
[Annotator "ChessBase"]
[PlyCount "152"]
[EventDate "2019.10.19"]
[EventType "team-tourn"]
[EventCountry "SVK"]
[SourceTitle "playchess.com"]
[Source "ChessBase"]
[SourceQuality "1"]
[WhiteTeam "Prakovce"]
[BlackTeam "Zilina"]
[TimeControl "40/5400+30:1800+30"]

1. e4 c5 2. Nf3 Nc6 3. c3 Nf6 4. e5 Nd5 5. d4 cxd4 6. cxd4 d6 7. Bc4 Be6 8. Qe2 g6 9. O-O Bg7 10. Rd1 O-O 11. Ng5 dxe5 12. Nxe6 fxe6 13. dxe5 Nxe5 14. Nc3 Nxc3 15. bxc3 Qc8 16. Bb3 a5 17. Bh6 Bxh6 18. Qxe5 Rf6 19. Rd4 Kf7 20. Re1 Ra6 21. Rh4 Kg7 22. Rc4 Qd8 23. g3 Rd6 24. Rd4 Qb6 25. Red1 Kf7 26. g4 Rc6 27. R1d3 Rc5 28. Qe4 Bf4 29. Rf3 Re5 30. Qd3 Re1+ 31. Kg2 Qc7 32. Re4 Rxe4 33. Qxe4 Kg7 34. Bxe6 Bxh2 35. Bd5 b6 36. Rxf6 exf6 37. c4 Be5 38. a4 Qd7 39. Bc6 Qd2 40. Qe3 Qd1 41. Qf3 Qc2 42. Qe4 Qc1 43. Bb5 Qg5 44. Kf1 Qc1+ 45. Kg2 Kh6 46. Qe3+ Qxe3 47. fxe3 Kg5 48. Bd7 Kh4 49. e4 Kg5 50. Kf3 Kh6 51. Be6 Kg7 52. Ke3 Kf8 53. Kd3 Ke7 54. Bg8 h6 55. Ke3 h5 56. gxh5 gxh5 57. Bh7 Kd6 58. Kf3 Kc5 59. Bg6 h4 60. Kg4 Bg3 61. Be8 Kxc4 62. Bd7 Kd4 63. Kf3 Bd6 64. Be6 b5 65. axb5 Kc5 66. Kg4 Bg3 67. Kf3 Kxb5 68. Ke3 Kc5 69. Kd3 Kd6 70. Bf5 Ke5 71. Bd7 Kf4 72. e5 fxe5 73. Bc6 h3 74. Ke2 e4 75. Kf1 h2 76. Kg2 e3 0-1

[Event "SVK Extraliga 2019-20"]
[Site "Slovakia"]
[Date "2019.10.19"]
[Round "1.6"]
[White "Krak, Tomas"]
[Black "Csonka, Attila Istvan"]
[Result "1-0"]
[ECO "A14"]
[WhiteElo "2269"]
[BlackElo "2355"]
[Annotator "NA"]
[PlyCount "83"]
[EventDate "2019.10.19"]
[EventType "team-tourn"]
[EventCountry "SVK"]
[SourceTitle "playchess.com"]
[Source "ChessBase"]
[SourceQuality "1"]
[WhiteTeam "Humenne"]
[BlackTeam "Streda"]
[TimeControl "40/5400+30:1800+30"]

1. Nf3 Nf6 2. c4 e6 3. g3 d5 4. Bg2 Be7 5. O-O O-O 6. d4 Nbd7 7. b3 c6 8. Qc2 b6 9. Nc3 Ba6 10. Nd2 Rc8 {[%emt 0:02:03] E08: Closed Catalan: Main Line: 7 Qc2} (10... b5 11. e4 dxc4 12. bxc4 bxc4 13. Rd1 Qa5 14. Bf1 Nb6 15. Bb2 Rfd8 16. Nf3 h6 17. a4 Rac8 18. Nb1 {1-0 (39) Postny,E (2615)-Geller,J (2518) St Petersburg 2018}) 11. e4 c5 12. exd5 exd5 (12... cxd4 $11 {keeps the balance.} 13. dxe6 fxe6) 13. Nxd5 (13. dxc5 $16 d4 14. c6) 13... Nxd5 14. Bxd5 Nf6 15. Bg2 Qxd4 (15... cxd4 $11 16. Bb2 b5) 16. Bb2 Qg4 $146 ({Predecessor:} 16... Qd7 17. Rad1 Qc7 18. Rfe1 Rcd8 19. Ne4 Rxd1 20. Rxd1 Nxe4 21. Bxe4 h6 22. Bd5 Kh8 23. Qf5 Bc8 24. Qh5 f6 25. Qg6 {1-0 (25) Erdeljan,M-Ljubicic,A Yugoslavia 1989}) 17. Rfe1 Rc7 18. Ne4 Bb7 19. Bxf6 Bxf6 20. Nxf6+ gxf6 21. Bxb7 Rxb7 22. Re4 Qg6 23. Qe2 f5 24. Re5 Rd8 (24... Rd7 $16) 25. Rd1 Rxd1+ 26. Qxd1 f6 27. Qd5+ Qf7 28. Rxf5 Rd7 29. Qf3 Rd6 30. Kg2 Kg7 31. h4 Qe6 32. a4 $18 Rd4 33. Rd5 Rxd5 34. cxd5 Qe5 35. Qd3 Kf8 36. d6 Ke8 37. Qb5+ Kf8 38. Qc6 f5 39. Qa8+ Qe8 40. Qd5 Qe4+ 41. Qxe4 fxe4 42. Kf1 1-0

[Event "SVK Extraliga 2019-20"]
[Site "Slovakia"]
[Date "2019.10.19"]
[Round "1.6"]
[White "Haring, Viktor"]
[Black "Matejovic, Juraj"]
[Result "0-1"]
[ECO "B45"]
[WhiteElo "2266"]
[BlackElo "2228"]
[Annotator "NA"]
[PlyCount "116"]
[EventDate "2019.10.19"]
[EventType "team-tourn"]
[EventCountry "SVK"]
[SourceTitle "playchess.com"]
[Source "ChessBase"]
[SourceQuality "1"]
[WhiteTeam "Liptovska"]
[BlackTeam "Dunajov"]
[TimeControl "40/5400+30:1800+30"]

1. e4 c5 2. Nf3 e6 3. d4 cxd4 4. Nxd4 Nc6 5. Nc3 Nf6 6. Ndb5 Bb4 7. a3 Bxc3+ 8. Nxc3 d5 9. exd5 exd5 10. Bd3 O-O 11. O-O d4 12. Ne2 Qd5 13. Nf4 Qd6 14. Nh5 Ng4 {[%emt 0:00:51] B45: Sicilian Four Knights} (14... Nxh5 15. Qxh5 h6 16. f4 f5 17. Bd2 Qf6 18. c4 Be6 19. b4 Qf7 20. Qxf7+ Kxf7 21. Rfe1 b6 22. Re2 Rac8 23. Rae1 {1-0 (50) Grischuk,A (2763)-Safarli,E (2620) Istanbul 2012}) 15. Bf4 Qd8 16. Ng3 Qh4 17. Ne4 $146 ({Predecessor:} 17. Nf5 Bxf5 18. Bxf5 Nh6 19. Bg3 Qg5 20. Be4 f5 21. f4 Qg6 22. Bf3 {1-0 (56) Karpov,A-Alburt,L Daugavpils 1971}) 17... h6 18. Bg3 Qd8 19. Bc4 Nge5 20. Ba2 Bf5 21. Re1 $11 (21. Bxe5 $5 Nxe5 22. Ng3 $11) 21... Re8 22. Qd2 b6 23. f3 Be6 24. Bxe6 Rxe6 25. b3 Qd5 26. c4 Qd7 27. f4 Ng4 28. f5 Ree8 29. f6 Qf5 30. Nd6 Rxe1+ 31. Rxe1 Qxf6 32. Rf1 Qe6 33. Nf5 Ne3 34. Nxe3 dxe3 35. Qd5 Re8 36. Re1 Na5 37. Bf4 Qxd5 38. cxd5 Nxb3 39. Rxe3 Rxe3 40. Bxe3 Kf8 41. Bf4 Ke7 42. Kf2 Na5 43. Bb8 a6 44. Kf3 Nc4 45. a4 g6 46. Ke4 Nb2 47. Bf4 h5 48. a5 bxa5 49. Bc1 Nc4 50. Kd4 Nd6 51. Kc5 Kd7 52. Kb6 Nc4+ 53. Kc5 Ne5 54. Kd4 f6 55. Ba3 a4 56. Kc5 Ng4 57. h3 Ne3 58. g3 Nc2 {[%emt 0:00:45] Kd4} 0-1

[Event "SVK Extraliga 2019-20"]
[Site "Slovakia"]
[Date "2019.10.19"]
[Round "1.6"]
[White "Frindt, Kornel"]
[Black "Maslikova, Veronika"]
[Result "0-1"]
[ECO "B56"]
[WhiteElo "2196"]
[BlackElo "2230"]
[Annotator "NA"]
[PlyCount "96"]
[EventDate "2019.10.19"]
[EventType "team-tourn"]
[EventCountry "SVK"]
[SourceTitle "playchess.com"]
[Source "ChessBase"]
[SourceQuality "1"]
[WhiteTeam "Kosice"]
[BlackTeam "Podhajska"]
[TimeControl "40/5400+30:1800+30"]

1. e4 c5 2. Nf3 d6 3. Bb5+ Nc6 4. O-O Bd7 5. d4 cxd4 6. Nxd4 Nf6 7. Nc3 a6 8. Be2 e6 9. a4 Be7 10. Be3 O-O 11. f4 Qc7 12. Nb3 Nb4 13. a5 Bc6 14. Bf3 d5 15. e5 Nd7 16. Bd4 b5 17. Ne2 Bb7 18. c3 Nc6 19. Ng3 Rac8 20. Rf2 Rfe8 21. Bg4 Bf8 22. Nf1 b4 23. Ne3 bxc3 24. bxc3 Nxd4 25. cxd4 Qc3 26. Rf3 Qb4 27. Nc2 Qc4 28. Ne3 Qb4 29. Rb1 Bc6 30. Rg3 Rb8 31. f5 Ba4 32. fxe6 fxe6 33. Nc2 Qe7 34. Be2 Bb5 35. Ne3 Kh8 36. Bh5 Rec8 37. Nc1 Rc6 38. Rh3 Qg5 39. Bf7 Rbc8 40. Ne2 Bxe2 41. Qxe2 Qf4 42. Rf1 Qe4 43. Qh5 h6 44. Be8 R6c7 45. Qf7 Rd8 46. Qxe6 Qxd4 47. Qxd5 Bc5 48. Bxd7 Qxd5 0-1

[Event "SVK Extraliga 2019-20"]
[Site "Slovakia"]
[Date "2019.10.20"]
[Round "1.6"]
[White "Bochnickova, Andrea"]
[Black "Banas, Kamil"]
[Result "0-1"]
[ECO "B96"]
[WhiteElo "2122"]
[BlackElo "2280"]
[Annotator "ChessBase"]
[PlyCount "66"]
[EventDate "2019.10.19"]
[EventType "team-tourn"]
[EventCountry "SVK"]
[SourceTitle "playchess.com"]
[Source "ChessBase"]
[SourceQuality "1"]
[WhiteTeam "Bratislava"]
[BlackTeam "Modra"]
[WhiteTeamCountry "SVK"]
[BlackTeamCountry "SVK"]
[TimeControl "40/5400+30:1800+30"]

1. e4 c5 2. Nf3 d6 3. d4 cxd4 4. Nxd4 Nf6 5. Nc3 a6 6. Bg5 e6 7. f4 Qc7 8. Qe2 b5 9. a3 Bb7 10. O-O-O Nbd7 11. g4 Nb6 12. Bg2 Be7 13. Kb1 Nc4 14. Rd3 Rb8 15. Re1 Ba8 16. e5 dxe5 17. fxe5 Nd7 18. Bxa8 Bxg5 19. Bc6 O-O 20. Bxd7 Qxd7 21. Ne4 Bf4 22. Nf3 Qc7 23. Neg5 Qc6 24. Nh3 Be3 25. Rxe3 Nxe3 26. Qxe3 b4 27. Nhg5 bxa3 28. Qxa3 Rfd8 29. Qe3 Rb4 30. h3 h6 31. Ne4 Rdb8 32. b3 a5 33. Nd4 Qd5 0-1

[Event "SVK Extraliga 2019-20"]
[Site "Slovakia"]
[Date "2019.10.19"]
[Round "1.7"]
[White "Jurcik, Martin"]
[Black "Danada, Tomas"]
[Result "1/2-1/2"]
[ECO "A30"]
[WhiteElo "2360"]
[BlackElo "2266"]
[Annotator "NA"]
[PlyCount "71"]
[EventDate "2019.10.19"]
[EventType "team-tourn"]
[EventCountry "SVK"]
[SourceTitle "playchess.com"]
[Source "ChessBase"]
[SourceQuality "1"]
[WhiteTeam "Zilina"]
[BlackTeam "Prakovce"]
[TimeControl "40/5400+30:1800+30"]

1. c4 e6 2. Nf3 d5 3. e3 Nf6 4. b3 Be7 5. Bb2 O-O 6. Be2 b6 7. O-O Bb7 8. d3 c5 9. Nbd2 Nc6 10. Ne5 Nxe5 11. Bxe5 Bd6 12. Bb2 Qc7 13. h3 Bh2+ 14. Kh1 Be5 15. Qc2 Bxb2 16. Qxb2 Rad8 17. Rac1 d4 18. e4 Qf4 19. g3 Qh6 20. Kh2 Nd7 21. f4 f5 22. exf5 exf5 23. Bf3 Bxf3 24. Nxf3 Rde8 25. Rce1 Qh5 26. Qg2 Nf6 27. Kg1 h6 28. Re5 Rxe5 29. fxe5 Nh7 30. e6 Ng5 31. Nxg5 Qxg5 32. Re1 Re8 33. Kh2 f4 34. gxf4 Qxg2+ 35. Kxg2 g6 36. Kf3 1/2-1/2

[Event "SVK Extraliga 2019-20"]
[Site "Slovakia"]
[Date "2019.10.19"]
[Round "1.7"]
[White "Farkas, Gabor"]
[Black "Sepesi, Samuel"]
[Result "1-0"]
[ECO "E73"]
[WhiteElo "2355"]
[BlackElo "2183"]
[Annotator "NA"]
[PlyCount "59"]
[EventDate "2019.10.19"]
[EventType "team-tourn"]
[EventCountry "SVK"]
[SourceTitle "playchess.com"]
[Source "ChessBase"]
[SourceQuality "1"]
[WhiteTeam "Streda"]
[BlackTeam "Humenne"]
[TimeControl "40/5400+30:1800+30"]

1. d4 Nf6 2. c4 g6 3. Nc3 Bg7 4. e4 d6 5. Be2 O-O 6. Bg5 h6 7. Be3 c5 8. d5 e6 9. Qd2 Kh7 10. h3 exd5 11. exd5 Re8 12. Nf3 b5 {[%emt 0:08:58] E74: King's Indian: Averbakh Variation: 6...c5} (12... Bf5 13. O-O Ne4 14. Nxe4 Bxe4 15. Rae1 Nd7 16. b3 b5 17. cxb5 Nb6 18. Bc4 Bxf3 19. gxf3 Qh4 20. Bf4 Nd7 21. Rxe8 Rxe8 {1-0 (55) Mamedyarov,S (2756)-Berg,E (2616) Khanty-Mansiysk 2010}) 13. cxb5 Ne4 14. Nxe4 Rxe4 15. O-O Rb4 $146 ({Predecessor:} 15... a6 16. bxa6 Rb4 17. Rab1 Bf5 18. a3 Ra4 19. Rbc1 Nxa6 20. Bb5 {1-0 (62) Lalith,B (2484)-Vishnu,P (2392) New Delhi 2012}) 16. Rab1 Bf5 17. Bd3 Bxd3 18. Qxd3 a6 19. b3 Rxb5 20. Rfe1 Nd7 21. Bf4 Qf6 22. g3 Nb6 23. Rbd1 Rd8 24. h4 Qc3 25. Qe2 c4 26. Rc1 Qf6 $18 (26... Qd3 $16) 27. Ng5+ Kg8 28. Ne4 Qb2 29. Rc2 Qd4 30. Rd2 1-0

[Event "SVK Extraliga 2019-20"]
[Site "Slovakia"]
[Date "2019.10.19"]
[Round "1.7"]
[White "Wiewiora, Eneasz"]
[Black "Petran, Peter"]
[Result "1-0"]
[ECO "B06"]
[WhiteElo "2298"]
[BlackElo "2242"]
[Annotator "NA"]
[PlyCount "115"]
[EventDate "2019.10.19"]
[EventType "team-tourn"]
[EventCountry "SVK"]
[SourceTitle "playchess.com"]
[Source "ChessBase"]
[SourceQuality "1"]
[WhiteTeam "Dubnica"]
[BlackTeam "Slovan"]
[TimeControl "40/5400+30:1800+30"]

1. e4 g6 2. d4 Bg7 3. Nc3 c6 4. Nf3 d5 5. h3 dxe4 6. Nxe4 Nf6 7. Nxf6+ exf6 8. Bc4 O-O 9. O-O Nd7 10. Bf4 b5 11. Bb3 Nb6 12. Re1 Nd5 13. Bg3 Be6 14. Nd2 a5 15. c4 bxc4 16. Nxc4 Qc8 17. Nd6 Qd7 18. Ne4 Bf5 19. Nc5 Qd8 20. Qf3 Ra7 21. Rad1 Qa8 22. Bh4 a4 23. Bxd5 cxd5 24. g4 Be4 25. Nxe4 dxe4 26. Qxe4 Qxe4 27. Rxe4 Rd8 28. d5 g5 29. Bg3 f5 30. gxf5 Bxb2 31. d6 a3 32. h4 h6 33. hxg5 hxg5 34. Rg4 f6 35. Kg2 Kf7 36. Rc4 Be5 37. Kf3 Rdd7 38. Bxe5 fxe5 39. Kg4 Kf6 40. Rh1 Rh7 41. Rxh7 Rxh7 42. d7 Rxd7 43. Rc6+ Kf7 44. Kxg5 Rd2 45. Rc7+ Ke8 46. f3 Rxa2 47. Ra7 Rg2+ 48. Kf6 a2 49. Ke6 Rd2 50. f6 Rd8 51. Rxa2 Rb8 52. Rh2 Rb6+ 53. Kf5 Kf7 54. Rh7+ Kg8 55. Kg6 Ra6 56. Rb7 Ra8 57. Rg7+ Kf8 58. Rh7 1-0

[Event "SVK Extraliga 2019-20"]
[Site "Slovakia"]
[Date "2019.10.20"]
[Round "1.7"]
[White "Federic, Jozef"]
[Black "Walterova, Ema"]
[Result "1-0"]
[ECO "D41"]
[WhiteElo "2203"]
[BlackElo "1801"]
[Annotator "ChessBase"]
[PlyCount "47"]
[EventDate "2019.10.19"]
[EventType "team-tourn"]
[EventCountry "SVK"]
[SourceTitle "playchess.com"]
[Source "ChessBase"]
[SourceQuality "1"]
[WhiteTeam "Modra"]
[BlackTeam "Bratislava"]
[WhiteTeamCountry "SVK"]
[BlackTeamCountry "SVK"]
[TimeControl "40/5400+30:1800+30"]

1. d4 d5 2. Nf3 Nf6 3. g3 e6 4. c4 Be7 5. Bg2 c5 6. cxd5 Nxd5 7. O-O O-O 8. e4 Nf6 9. Nc3 Nc6 10. dxc5 Bxc5 11. Bf4 Qe7 12. e5 Nh5 13. Bg5 f6 14. exf6 gxf6 15. Bh6 Rd8 16. Qe2 Bd7 17. Rfe1 Rac8 18. Rad1 Ng7 19. Bh3 Re8 20. Ne4 Rcd8 21. Qc4 Bb4 22. Nc3 Qc5 23. Qg4 Qe7 24. Nd5 1-0

[Event "SVK Extraliga 2019-20"]
[Site "Slovakia"]
[Date "2019.10.19"]
[Round "1.7"]
[White "Horvath, Mario"]
[Black "Najgebauer, Szemjon"]
[Result "1/2-1/2"]
[ECO "A40"]
[WhiteElo "2191"]
[BlackElo "2186"]
[Annotator "NA"]
[PlyCount "71"]
[EventDate "2019.10.19"]
[EventType "team-tourn"]
[EventCountry "SVK"]
[SourceTitle "playchess.com"]
[Source "ChessBase"]
[SourceQuality "1"]
[WhiteTeam "Podhajska"]
[BlackTeam "Kosice"]
[TimeControl "40/5400+30:1800+30"]

1. d4 Nf6 2. Nf3 g6 3. Nbd2 d5 4. e3 Bg7 5. Bd3 c5 6. dxc5 Nfd7 7. Nb3 O-O 8. O-O Qc7 9. e4 dxe4 10. Bxe4 Nxc5 11. Nxc5 Qxc5 12. c3 Nd7 13. Be3 Qc7 14. Qe2 Nf6 15. Bc2 b6 16. Bd4 Bb7 17. Rfe1 e6 18. Be5 Qc6 19. Qf1 Rad8 20. Nd4 Qc8 21. a4 Ng4 22. Bxg7 Kxg7 23. h3 Nf6 24. Qe2 Rfe8 25. f4 Qc7 26. Qf2 Nd5 27. g3 Nf6 28. Qe3 Qc5 29. Kh2 h5 30. a5 Rh8 31. axb6 axb6 32. Qe5 Rd5 33. Qe3 Rd6 34. Qe5 Rd5 35. Qe3 Rd6 36. Qe5 1/2-1/2

[Event "SVK Extraliga 2019-20"]
[Site "Slovakia"]
[Date "2019.10.19"]
[Round "1.7"]
[White "Kantorik, Marian"]
[Black "Hros, Roman"]
[Result "1/2-1/2"]
[ECO "A41"]
[WhiteElo "2165"]
[BlackElo "2196"]
[Annotator "NA"]
[PlyCount "131"]
[EventDate "2019.10.19"]
[EventType "team-tourn"]
[EventCountry "SVK"]
[SourceTitle "playchess.com"]
[Source "ChessBase"]
[SourceQuality "1"]
[WhiteTeam "Dunajov"]
[BlackTeam "Liptovska"]
[TimeControl "40/5400+30:1800+30"]

1. d4 d6 2. c4 e5 3. Nf3 Nc6 4. Nc3 exd4 5. Nxd4 g6 6. e4 Bg7 7. Be3 Nge7 8. Be2 O-O 9. O-O f5 10. f3 {[%emt 0:06:06] A42: Modern Defence: Averbakh Variation} (10. Qd2 Kh8 11. Nxc6 Nxc6 12. Bg5 Qe8 13. Bd3 Qf7 14. Nd5 Ne5 15. exf5 Bxf5 16. Be2 Rae8 17. Rae1 Be4 18. f3 Bxd5 19. Qxd5 Qxd5 20. cxd5 {½-½ (61) Keymer,V (2500)-Lagarde,M (2604) chess.com INT 2019}) 10... Re8 11. Qd2 Nxd4 $146 ({Predecessor:} 11... Ne5 12. Rad1 N7c6 13. Nd5 Nxd4 14. Bxd4 Be6 15. f4 Bxd5 16. cxd5 Nf7 17. Bxg7 Kxg7 18. exf5 gxf5 {1-0 (29) Rausch,S (2295)-Boehm,E (2205) Germany 1996}) 12. Bxd4 Bxd4+ 13. Qxd4 Nc6 14. Qd2 fxe4 15. Nxe4 Bf5 16. Nc3 Qe7 17. Rf2 Qg7 18. Rd1 Be6 19. f4 Rf8 20. b3 Rae8 21. Bf3 Nd8 22. Re2 Bf7 23. Rde1 Rxe2 24. Rxe2 Re8 25. Rxe8+ Bxe8 26. c5 Nf7 $16 27. Bxb7 dxc5 28. Ne2 Nd6 29. Bd5+ Kh8 30. Qc3 Bb5 31. Qxg7+ Kxg7 32. Nc3 a5 33. Kf2 Kf6 34. Kf3 Ba6 35. Ne4+ Nxe4 36. Kxe4 h5 37. g3 Bc8 38. Kd3 Ba6+ 39. Ke3 Bc8 40. Kd3 Ba6+ 41. Ke4 Bf1 42. Kf3 Bh3 43. Bc4 Bf5 44. Ke3 Bc8 45. Bb5 Bf5 46. Kd2 Be6 47. Bf1 Ke7 48. Kd3 Kd6 49. Ke3 Ke7 50. Ke4 Kd6 51. Ke3 Ke7 52. Bc4 Bd7 53. Ke4 Kd6 54. Ke3 Ke7 55. Bd5 Bh3 56. Be4 Kf6 57. Kd3 Bf1+ 58. Kc3 Ba6 59. h3 Bf1 60. h4 Ba6 61. Bd3 Bc8 62. Kc4 Ba6+ 63. Kc3 Bc8 64. a4 Be6 65. Bc4 Bc8 66. Bd3 {[%emt 0:00:20] Ke5} 1/2-1/2

[Event "SVK Extraliga 2019-20"]
[Site "Slovakia"]
[Date "2019.10.19"]
[Round "1.8"]
[White "Jancovic, Peter"]
[Black "Zpevak, Pavel"]
[Result "1/2-1/2"]
[ECO "A46"]
[WhiteElo "2308"]
[BlackElo "2340"]
[Annotator "NA"]
[PlyCount "29"]
[EventDate "2019.10.19"]
[EventType "team-tourn"]
[EventCountry "SVK"]
[SourceTitle "playchess.com"]
[Source "ChessBase"]
[SourceQuality "1"]
[WhiteTeam "Slovan"]
[BlackTeam "Dubnica"]
[TimeControl "40/5400+30:1800+30"]

1. d4 Nf6 2. Nf3 e6 3. g3 b5 4. Bg2 Bb7 5. O-O c5 6. a4 b4 7. c3 Na6 8. Nbd2 Be7 9. Re1 Rc8 10. c4 cxd4 11. Nxd4 Bxg2 12. Kxg2 Nc5 13. b3 O-O 14. Bb2 Qb6 15. Qc2 1/2-1/2

[Event "SVK Extraliga 2019-20"]
[Site "Slovakia"]
[Date "2019.10.19"]
[Round "1.8"]
[White "Kusiak, Matej"]
[Black "Zvarik, Martin"]
[Result "0-1"]
[ECO "C46"]
[WhiteElo "2256"]
[BlackElo "2314"]
[Annotator "NA"]
[PlyCount "133"]
[EventDate "2019.10.19"]
[EventType "team-tourn"]
[EventCountry "SVK"]
[SourceTitle "playchess.com"]
[Source "ChessBase"]
[SourceQuality "1"]
[WhiteTeam "Prakovce"]
[BlackTeam "Zilina"]
[TimeControl "40/5400+30:1800+30"]

1. e4 e5 2. Nf3 Nc6 3. Nc3 g6 4. d4 exd4 5. Nxd4 Bg7 6. Be3 Nge7 7. Qd2 d6 8. O-O-O Be6 9. Nxe6 fxe6 10. f4 Qd7 11. g3 O-O-O 12. Bh3 Kb8 13. Nd5 Nc8 14. Rhe1 Qf7 15. Nb4 N6e7 16. c3 Rhe8 17. Qe2 Nb6 18. Bxb6 axb6 19. Qc4 Nc8 20. Kb1 Re7 21. Qb3 Qe8 22. Bf1 c6 23. e5 dxe5 24. Rxd8 Qxd8 25. fxe5 Rd7 26. a4 Bxe5 27. Ka2 Qf6 28. Bc4 Rd2 29. Rf1 Rf2 30. Rxf2 Qxf2 31. Nd3 Qe3 32. Nxe5 Qxe5 33. Bxe6 Ne7 34. Bg8 Kc7 35. Qf7 h5 36. Qe6 Qxe6+ 37. Bxe6 Kd6 38. Bf7 Ke5 39. Be8 Ke4 40. Bd7 Kf3 41. Kb3 Kg2 42. h3 Kxg3 43. Kc4 Nf5 44. Kd3 Kf4 45. b4 Ke5 46. Be8 Ne7 47. Kc4 h4 48. Bd7 Kd6 49. Bg4 Nf5 50. Kd3 Ke5 51. Bf3 Nd6 52. a5 bxa5 53. bxa5 Kf4 54. Bg4 Ke5 55. Bf3 g5 56. Bg4 Kd5 57. Be2 Nf5 58. Bg4 Ne7 59. Bd1 Ng6 60. Bb3+ Ke5 61. Kc4 g4 62. Bd1 gxh3 63. Bf3 Kd6 64. Kd4 h2 65. c4 Nf4 66. Ke3 Nh5 67. Kd4 {Ke5+} 0-1